Map: World of Sleepers LE

Players

Neeb - Winner!

  • Race: Protoss Protoss
  • Spawn Location: 7:00

Clem

  • Race: Terran Terran
  • Spawn Location: 1:00

VOD

Have the link to the VOD?

Description

Time

  • Played on: Sept. 7, 2019, 4:33 p.m.
  • Length: 11:03
Show
View Real Time Build Order
Export as new Build Order

Neeb Protoss - Winner!

Build Orders: 1 Gate Expand, Colossus Rush 

Get SALT Encoding   

  12  0:00  Probe  
  13  0:12  Probe  
  14  0:17  Pylon  
  14  0:23  Probe  
  15  0:31  Probe  
  15  0:39  Gateway, Probe  
  16  0:47  Assimilator  
  17  0:51  Probe  
  18  1:03  Probe  
  19  1:15  Probe  
  20  1:23  Nexus  
  20  1:32  Cybernetics Core  
  20  1:36  Probe  
  21  1:44  Assimilator  
  21  1:48  Probe  
  22  1:55  Pylon  
  22  2:00  Probe  
  23  2:05  Adept  
  22  2:10  Probe  
  22  2:14  Robotics Facility  
  25  2:18  Probe  
  25  2:20  Warp Gate  
  26  2:27  Probe, Stalker  
  28  2:38  Probe  
  28  2:39  Probe  
  30  2:50  Probe  
  31  2:51  Probe  
  31  2:55  Stalker  
  34  3:00  Observer  
  34  3:02  Probe  
  34  3:03  Probe  
  37  3:08  Pylon  
  37  3:11  Warp Prism  
  37  3:14  Probe  
  37  3:15  Probe  
  39  3:26  Probe  
  42  3:27  Probe  
  42  3:32  Robotics Bay  
  41  3:38  Probe  
  41  3:39  Probe  
  43  3:48  Gateway  
  43  3:50  Probe  
  43  3:52  Gateway, Probe  
  45  3:57  Observer  
  45  4:00  Assimilator  
  45  4:01  Probe  
  45  4:02  Assimilator  
  47  4:04  Probe  
  47  4:08  Disruptor  
  47  4:09  Probe  
  48  4:11  Pylon  
  48  4:15  Gravitic Drive  
  48  4:16  Probe  
  49  4:17  Probe  
  53  4:28  Probe  
  53  4:29  Probe  
  53  4:30  Pylon  
  57  4:46  Stalker x2  
  57  4:49  Colossus  
  57  4:52  Shield Battery  
  65  5:00  Pylon  
  65  5:16  Probe  
  65  5:17  Stalker x2  
  65  5:19  Stalker  
  72  5:23  Pylon  
  72  5:24  Pylon, Probe  
  72  5:28  Probe  
  71  5:36  Probe  
  71  5:39  Nexus  
  71  5:40  Probe  
  70  5:55  Stalker  
  70  5:57  Stalker x2  
  73  6:00  Colossus  
  75  6:04  Probe x2  
  75  6:07  Observer  
  83  6:16  Observer, Forge  
  83  6:17  Twilight Council  
  83  6:19  Probe  
  83  6:21  Probe  
  85  6:31  Protoss Ground Armor Level 1, Probe  
  86  6:35  Probe  
  87  6:40  Sentry x3  
  87  6:43  Probe  
  87  6:46  Observer  
  94  6:50  Probe  
  94  6:51  Probe  
  94  6:53  Colossus  
  102  6:55  Probe  
  102  6:59  Charge  
  103  7:03  Probe x2  
  103  7:04  Stalker x2  
  103  7:07  Probe  
  108  7:21  Gateway  
  108  7:23  Gateway  
  108  7:25  Gateway  
  108  7:26  Gateway  
  108  7:28  Gateway  
  108  7:34  Pylon x2  
  108  7:36  Pylon  
  108  7:38  Photon Cannon  
  108  7:41  Pylon  
  108  7:43  Immortal  
  108  7:55  Stalker x3  
  108  7:58  Probe  
  95  7:59  Probe  
  95  8:01  Probe  
  93  8:13  Probe  
  93  8:14  Probe  
  93  8:17  Probe  
  96  8:20  Sentry x3  
  96  8:21  Observer, Zealot x4  
  111  8:27  Assimilator  
  111  8:29  Blink  
  111  8:31  Assimilator  
  111  8:39  Templar Archives, Zealot  
  113  8:46  Zealot x6  
  125  9:08  Stalker  
  125  9:09  Stalker x6  
  107  9:42  Zealot x8  
  107  9:43  Probe x2  
  97  9:49  Warp Prism  
  81  9:58  Probe x3  
  69  10:05  Sentry x3  
  69  10:06  Probe  
  78  10:13  Probe x2  
  78  10:14  Immortal  
  79  10:16  Probe  
  80  10:25  High Templar x3, Probe x2  
  92  10:32  High Templar, Archon  
  92  10:33  High Templar x2  
  98  10:36  Archon  
  98  10:37  Archon  
  98  10:40  Zealot  
  98  10:41  Zealot  
  100  11:00  Stalker x3  
Show
View Real Time Build Order
Export as new Build Order

Clem Terran 

Build Orders: Liberator Opening, Reaper Expand 

Get SALT Encoding   

  12  0:00  SCV  
  13  0:12  SCV  
  14  0:17  Supply Depot  
  14  0:24  SCV  
  15  0:38  SCV  
  15  0:39  Barracks  
  16  0:43  Refinery  
  16  0:50  SCV  
  17  1:02  SCV  
  18  1:20  SCV  
  19  1:26  Reaper  
  19  1:31  Command Center  
  20  1:41  Orbital Command  
  20  1:50  Supply Depot  
  20  1:59  Marine  
  21  2:05  Factory  
  22  2:08  SCV  
  22  2:15  Refinery  
  22  2:19  Barracks Reactor  
  22  2:21  SCV  
  23  2:33  SCV  
  24  2:45  SCV  
  25  2:51  Starport  
  25  2:52  Orbital Command  
  25  2:56  Widow Mine  
  25  2:57  Marine x2  
  25  2:58  SCV  
  30  3:10  SCV  
  31  3:14  Marine x2  
  31  3:19  SCV  
  32  3:22  SCV  
  32  3:31  Viking, SCV  
  32  3:34  SCV, Factory Tech Lab  
  36  3:35  Marine  
  36  3:37  Marine  
  38  3:43  SCV  
  38  3:45  Supply Depot  
  38  3:47  SCV  
  40  3:49  Liberator  
  40  3:53  Siege Tank  
  40  3:55  SCV  
  43  3:56  Marine x2  
  43  3:59  SCV  
  46  4:07  Supply Depot  
  49  4:11  SCV x2  
  49  4:15  Barracks  
  51  4:18  Marine x2  
  53  4:24  SCV  
  53  4:25  Refinery  
  53  4:29  SCV  
  53  4:30  Supply Depot  
  58  4:31  Siege Tank  
  58  4:37  SCV  
  58  4:38  Barracks  
  59  4:43  Engineering Bay  
  59  4:46  SCV  
  59  4:48  Marine x2  
  59  4:52  SCV  
  63  4:58  SCV  
  63  4:59  Supply Depot  
  64  5:05  SCV  
  64  5:10  SCV  
  64  5:13  Starport Tech Lab  
  64  5:14  Marine  
  64  5:17  SCV  
  64  5:20  Stimpack  
  64  5:21  Supply Depot, Marauder  
  66  5:22  SCV  
  66  5:25  Marine  
  68  5:28  Factory Reactor  
  68  5:29  SCV  
  68  5:35  Terran Infantry Weapons Level 1  
  69  5:36  Supply Depot  
  69  5:38  Marauder  
  69  5:39  Combat Shield, Refinery  
  69  5:42  Marauder  
  72  5:48  Marine x2  
  74  5:52  Supply Depot  
  74  5:56  SCV  
  75  5:59  Marauder  
  75  6:04  Marauder  
  79  6:06  Widow Mine x2, Marine  
  79  6:07  Starport Reactor  
  79  6:10  Supply Depot  
  81  6:11  Marine  
  82  6:21  Marauder  
  82  6:23  Command Center  
  83  6:33  Widow Mine  
  83  6:34  Widow Mine  
  83  6:35  Marine  
  83  6:36  Marine  
  83  6:37  Marauder  
  89  6:41  Supply Depot  
  89  6:42  Marauder  
  89  6:46  Medivac  
  88  6:47  Medivac  
  88  6:53  Marine x2  
  92  6:54  SCV  
  92  6:56  SCV  
  92  6:58  Marauder  
  98  7:01  Widow Mine x2  
  98  7:03  Marauder  
  99  7:11  Marine  
  100  7:16  Marine  
  100  7:18  Supply Depot  
  100  7:20  Marauder, Medivac x2  
  107  7:25  Marauder, Supply Depot  
  107  7:29  Terran Infantry Armor Level 1  
  109  7:30  Widow Mine x2  
  109  7:35  Supply Depot  
  109  7:36  Marine x2  
  115  7:41  Marauder  
  115  7:42  Orbital Command  
  117  7:45  Marine, SCV  
  113  7:54  Marine, SCV  
  113  7:56  Marine  
  97  7:58  Orbital Command  
  97  8:02  Marauder, SCV  
  97  8:03  Widow Mine  
  97  8:04  Widow Mine  
  94  8:09  Marauder  
  94  8:10  SCV  
  94  8:15  SCV  
  94  8:17  Marine x2  
  97  8:22  SCV  
  97  8:24  SCV  
  99  8:27  Viking x2  
  99  8:29  SCV  
  99  8:30  Marine  
  99  8:31  Marauder  
  102  8:34  SCV  
  102  8:36  SCV  
  104  8:41  SCV  
  104  8:42  Barracks x2  
  104  8:45  Marine x2  
  104  8:46  SCV  
  104  8:48  SCV  
  109  8:49  Marauder  
  111  8:55  SCV  
  111  8:56  Starport  
  111  8:58  Marauder  
  111  8:59  SCV  
  111  9:00  SCV  
  113  9:07  SCV, Marine x2  
  113  9:09  Viking x2  
  116  9:11  Marauder  
  116  9:18  SCV  
  116  9:20  SCV  
  116  9:23  Marauder, Concussive Shells  
  120  9:28  Orbital Command  
  111  9:32  Viking  
  111  9:33  Marauder  
  111  9:37  Marine x2  
  107  9:39  Viking x2  
  107  9:43  SCV  
  73  9:55  SCV x2  
  63  10:02  Orbital Command  
  63  10:06  Marine  
  63  10:07  SCV x2, Marine x2  
  68  10:19  SCV x2  
  70  10:26  Marine x2  
  72  10:31  SCV  
  72  10:32  SCV  
  80  10:36  SCV  
  80  10:37  Barracks Tech Lab  
  82  10:44  SCV x2  
Tags
 
Add a new tag
Caveats
  • Supply blocks, unpowered buildings, or Contaminate may cause inaccurate times.
  • Supply counts are checked every 10 seconds.